 Dungeon Crawl Stone Soup version 0.22-a0-833-g8522bf8125 (webtiles) character file.

73 LLavrengius the Insei (level 4, -2/29 HPs)
             Began as an Octopode Transmuter on July 25, 2018.
             Killed from afar by Natasha (5 damage)
             ... with a magic dart
             ... on level 2 of the Dungeon.
             The game lasted 00:10:28 (2373 turns).

LLavrengius the Insei (Octopode Transmuter)         Turns: 2373, Time: 00:10:29

Health: -2/29      AC:  1    Str:  9    XL:     4   Next: 27%
Magic:  7/7        EV: 14    Int: 16    God:
Gold:   89         SH:  0    Dex: 12    Spells: 1/7 levels left

rFire    . . .     SeeInvis .     - Unarmed
rCold    . . .     Gourm    .   (no shield)
rNeg     . . .     Faith    .   (helmet restricted)
rPois    .         Spirit   .   (no amulet)
rElec    .         Reflect  .   n - +1 ring of evasion
rCorr    .         Harm     .   (no ring)
MR       .....                  (no ring)
Stlth    ++........             (no ring)
HPRegen  0.09/turn              (no ring)
MPRegen  0.10/turn              (no ring)
                                (no ring)
                                (no ring)

@: no status effects
A: almost no armour, stealthy swim, amphibious, 8 rings, constrict 8, camouflage
1, gelatinous body 1
a: no special abilities


You were on level 2 of the Dungeon.
You were not hungry.

You visited 1 branch of the dungeon, and saw 2 of its levels.

You collected 89 gold pieces.

Inventory:

Missiles
 a - 59 arrows
 d - 23 stones (quivered)
Jewellery
 n - a +1 ring of evasion (left tentacle)
Scrolls
 b - a scroll of fear {unknown}
 e - 2 scrolls of blinking {unknown}
 g - 4 scrolls of identify {unknown}
 h - a scroll of magic mapping {unknown}
 m - a scroll of enchant armour {unknown}
 p - a scroll of amnesia {unknown}
 q - a scroll of random uselessness {unknown}
Potions
 f - a potion of mutation {unknown}
 i - 2 potions of curing {unknown}
 j - a potion of degeneration {unknown}
 k - a potion of cancellation {unknown}
 l - a potion of flight {unknown}
Comestibles
 c - 2 rations


   Skills:
 + Level 1.8 Fighting
 + Level 2.5 Dodging
 + Level 3.3 Unarmed Combat
 - Level 2.0 Spellcasting
 + Level 2.9 Transmutations
 * Level 1.6 Poison Magic


You had one spell level left.
You knew the following spells:

 Your Spells              Type           Power        Failure   Level  Hunger
a - Beastly Appendage     Tmut           ##....       6%          1    #......
b - Sticks to Snakes      Tmut           ##......     10%         2    ###....
c - Spider Form           Tmut/Pois      #.........   24%         3    ###....

Your spell library contained the following spells:

 Spells                   Type           Power        Failure   Level  Hunger
 Blade Hands              Tmut           ##........   87%         5    ######.
 Ice Form                 Ice/Tmut       #.......     75%         4    #####..


Dungeon Overview and Level Annotations

Branches:
Dungeon (2/15)

Altars:

Annotations:
D:2 Natasha, Sigmund


Innate Abilities, Weirdness & Mutations

You cannot wear most types of armour.
You are very stealthy in the water. (Stealth+)
You are amphibious.
You can wear up to eight rings at the same time.
You can use your tentacles to constrict eight enemies at once.
Your skin changes colour to match your surroundings (Stealth+).
Your rubbery body absorbs attacks. (AC +1, EV +1)


Message History

You resist with some effort. Sigmund gestures at you while chanting.
The magic dart hits you!
All of the chunks of flesh in your inventory have rotted away.
Sigmund casts a spell at you. You resist with some effort.
Natasha, Servant of Life and Death comes into view.
Natasha hisses angrily.
Natasha claws you!
Natasha stares at you and mumbles some strange words.
You resist with some effort. Natasha barely misses you.
Natasha casts a spell at you. The magic dart hits you!
* * * LOW HITPOINT WARNING * * *
Natasha claws you.
* * * LOW HITPOINT WARNING * * *
Natasha casts a spell at you. The magic dart hits you!
You die...

#.#....# # #.#....# #
#.#....###### #
#.#.........# #
#.#.........# #
#.####......## # #.#
#<......###########
##########.#
#..)...............
#..........#
##@.....#####.....#
#.##########
#..>.............. #.#
#h........##.....# #.#
###### ##.....รท..##.....#
#.# #....#
#................ #.#
#....# #........##.....#
#.# #....#
#........##.....# #.#
#....######@.##...########
#.# #............##...# #


You could see Sigmund and Natasha.

Vanquished Creatures
  Natasha (D:2)
  2 ball pythons
  A giant cockroach (D:1)
  3 hobgoblins
  7 jackals (D:2)
  A quokka (D:2)
  2 bats (D:1)
  2 frilled lizards
  13 goblins
  5 kobolds
  7 rats
44 creatures vanquished.

Notes
Turn   | Place    | Note
-------+----------+-------------------------------------------
     0 | D:1      | LLavrengius the Octopode Transmuter began the quest for the Orb.
     0 | D:1      | Reached XP level 1. HP: 13/13 MP: 3/3
   117 | D:1      | Reached XP level 2. HP: 17/18 MP: 1/5
   121 | D:1      | Learned a level 2 spell: Sticks to Snakes
  1137 | D:2      | Reached XP level 3. HP: 18/23 MP: 4/6
  1142 | D:2      | Learned a level 3 spell: Spider Form
  1679 | D:2      | Reached skill level 1 in Poison Magic
  2107 | D:2      | Noticed Natasha
  2114 | D:2      | Killed Natasha
  2114 | D:2      | Reached XP level 4. HP: 18/29 MP: 5/7
  2326 | D:2      | Noticed Sigmund
  2362 | D:2      | Noticed Natasha
  2373 | D:2      | Killed from afar by Natasha

Vault maps used:
D:1:      erik_arrival_cave_to_civilisation
D:2:      kennysheep_the_goblin_king, lemuel_flame_loot_1, uniq_natasha,
          uniq_sigmund

Skill      XL: |  1  2  3 |
---------------+----------+-----
Poison Magic   | 1 |  1.6
Fighting       | |  1.8
Dodging        | |  2.5
Unarmed Combat | |  3.3
Spellcasting   | |  2.0
Transmutations | |  2.9

Action                   |  1- 3 |  4- 6 || total
-------------------------+-------+-------++-------
Melee: Unarmed           |    98 |       ||    98
       Constrict         |    25 |       ||    25
       Tentacles         |    17 |       ||    17
       Kick              |    16 |       ||    16
       Punch             |     2 |       ||     2
Throw: Stone             |     2 |       ||     2
 Cast: Beastly Appendage |    21 |       ||    21
 Stab: Sleeping          |     3 |       ||     3
  Eat: Chunk             |     4 |     1 ||     5
Armor: Skin              |     9 |       ||     9
Dodge: Dodged            |    52 |     1 ||    53

Table legend:
 A = Spawn XP
 B = Non-spawn XP
 C = Spawn XP percentage of total XP
 D = Spawn monster count
 E = Non-spawn monster count
 F = Spawn count percentage of total count
 G = Total turns spent on level
                    A         B        C        D         E        F      G
               +---------+---------+-------+---------+---------+-------+---------
         Total |       0 |     105 |   0.0 |       0 |      44 |   0.0 |  2373
               +---------+---------+-------+---------+---------+-------+---------
           D:1 |       0 |      33 |   0.0 |       0 |      22 |   0.0 |  1112
           D:2 |       0 |      72 |   0.0 |       0 |      22 |   0.0 |  1261
               +---------+---------+-------+---------+---------+-------+---------
